 Dungeon Crawl Stone Soup version 0.28.0-47-ge53b351184 (webtiles) character file.

Game seed: 14440481006042591651

1346235 PanSaczeczos the Slayer (level 27, 204/228 HPs)
             Began as a Djinni Conjurer on May 5, 2022.
             Was the Champion of Ashenzari.
             Escaped with the Orb
             ... and 3 runes on May 6, 2022!
             The game lasted 04:42:54 (120487 turns).

PanSaczeczos the Slayer (Djinni Conjurer)         Turns: 120487, Time: 04:42:54

Health: 204/228    AC:  8    Str:  6    XL:     27
Gold:   5075       EV: 14    Int: 37    God:    Ashenzari [******] SH: 36 Dex: 11

rFire   + + +      SeeInvis +   b - staff of conjuration (curse) {Self, Melee}
rCold   + + .      Faith    .   N - +7 tower shield of Ashenzari's Jealousy {reflect, Fort, Self} (curse)
rNeg    + . .      Spirit   .   c - +2 robe "Gaze Upon Infinity" {rElec Will+ SInv Archmagi, Evo, Fort} (curse)
rPois   ∞          Reflect  +   m - +3 hat of Pondering {ponderous, Will+ MP+10 Int+5, Evo, Self} (curse)
rElec   +          Harm     .   v - scarf "Bound Sybil" {rC+ rF+, Self, Fort} (curse)
rCorr   +          Rampage  .   I - +0 pair of gloves of the Sky {Self, Evo} (curse)
Will    ++++.      Archmagi +   (boots unavailable)
Stlth   +++....... Clarity  +   B - amulet of Ashenzari's Servitude {Reflect SH+5, Fort, Evo} (curse)
HPRegen 0.48/turn               M - ring "Bound Negation" {rN+, Self, Fort} (curse)
MPRegen 0.00/turn               G - ring of Ashenzari's Stars {rPois rC++ rCorr Str+4 Dex-3, Evo, Self} (curse)

@: flying, studying 4 skills, slow
A: sickness immunity, fire resistance 2, cold vulnerability 1, float, innate
caster, HP casting, extra vitality 1, screaming 1, weak 2
0: Orb of Zot
}: 3/15 runes: decaying, serpentine, slimy
a: Renounce Religion, Shatter the Chains


You escaped.
You worshipped Ashenzari.
Ashenzari was exalted by your worship.
You visited 13 branches of the dungeon, and saw 57 of its levels.
You visited 2 bazaars.
You also visited: Trove.

You collected 9236 gold pieces.
You spent 4161 gold pieces at shops.

Inventory:

Missiles
 e - 3 throwing nets {!f}
 n - 59 poisoned darts (quivered)
 K - 29 boomerangs of dispersal
 S - 4 silver javelins
 T - 18 curare-tipped darts
Armour
 c - the cursed +2 robe "Gaze Upon Infinity" (worn) {rElec Will+ SInv Archmagi, Evo, Fort}
   (You bought it in a shop on level 1 of the Snake Pit)

   rElec:     It insulates you from electricity.
   SInv:      It lets you see invisible.
   Archmagi:  It increases the power of your magical spells.
   Will:      It increases your willpower.
   It has a curse which improves the following skills: Evocations: Evocations.
   Fortitude: Armour and Shields.
 m - the cursed +3 hat of Pondering (worn) {ponderous, Will+ MP+10 Int+5, Evo, Self}
   (You bought it in a shop in a bazaar)

   Int:       It affects your intelligence (+5).
   MP:        It affects your magic capacity (+10).
   Will:      It increases your willpower.
   It has a curse which improves the following skills: Evocations: Evocations.
   Introspection: Fighting and Spellcasting.
 v - the cursed scarf "Bound Sybil" (worn) {rC+ rF+, Self, Fort}
   (You found it on level 7 of the Dungeon)

   It has a curse which improves the following skills: Introspection: Fighting
   and Spellcasting.
   Fortitude: Armour and Shields.
 I - the cursed +0 pair of gloves of the Sky (worn) {Self, Evo}
   (You found it on level 10 of the Dungeon)

   It has a curse which improves the following skills: Introspection: Fighting
   and Spellcasting.
   Evocations: Evocations.
 N - the cursed +7 tower shield of Ashenzari's Jealousy (worn) {reflect, Fort, Self}
   (You took it off a naga warrior on level 4 of the Snake Pit)

   It has a curse which improves the following skills: Fortitude: Armour and
   Shields.
   Introspection: Fighting and Spellcasting.
Magical Staves
 b - a cursed staff of conjuration (weapon) {Self, Melee}
Jewellery
 t - a +4 ring of protection
 B - the cursed amulet of Ashenzari's Servitude (around neck) {Reflect SH+5, Fort, Evo}
   (You found it on level 7 of the Dungeon)

   [amulet of reflection]

   It reflects blocked missile attacks.
   SH:        It affects your SH (+5).
   It has a curse which improves the following skills: Fortitude: Armour and
   Shields.
   Evocations: Evocations.
 G - the cursed ring of Ashenzari's Stars (right hand) {rPois rC++ rCorr Str+4 Dex-3, Evo, Self}
   (You found it on level 7 of the Dungeon)

   [ring of poison resistance]

   Str:       It affects your strength (+4).
   Dex:       It affects your dexterity (-3).
   rC:        It greatly protects you from cold.
   rPois:     It protects you from poison.
   rCorr:     It protects you from acid and corrosion.
   It has a curse which improves the following skills: Evocations: Evocations.
   Introspection: Fighting and Spellcasting.
 M - the cursed ring "Bound Negation" (left hand) {rN+, Self, Fort}
   (You found it on level 11 of the Dungeon)

   [ring of positive energy]

   rN:        It protects you from negative energy.
   It has a curse which improves the following skills: Introspection: Fighting
   and Spellcasting.
   Fortitude: Armour and Shields.
 U - an amulet of regeneration
Wands
 j - a wand of flame (117)
 l - a wand of iceblast (60)
 p - a wand of acid (17)
 s - a wand of paralysis (23)
 y - a wand of mindburst (13)
 C - a wand of polymorph (21)
 F - a wand of charming (15)
 L - a wand of digging (24)
Scrolls
 d - 24 scrolls of teleportation {@r3}
 f - 15 scrolls of fog
 h - 5 scrolls of blinking {@r4}
 k - 3 scrolls of silence
 q - a scroll of summoning
 D - 11 scrolls of fear
 E - 3 scrolls of magic mapping
 O - 5 scrolls of holy word
Potions
 g - 6 potions of brilliance
 i - 2 potions of invisibility
 o - 23 potions of curing {@q1}
 r - 5 potions of might {@q3}
 u - 5 potions of berserk rage
 x - 3 potions of cancellation
 z - 8 potions of heal wounds
 A - 4 potions of haste
 H - 2 potions of resistance
 J - 5 potions of ambrosia
 P - 7 potions of mutation
 Q - 9 potions of lignification
Miscellaneous
 a - a box of beasts
 w - a phantom mirror
 R - a condenser vane
 V - a tin of tremorstones (2/2)


   Skills:
 - Level 24.6(27) Fighting
 - Level 1.9(6.6) Armour
 - Level 8.0 Dodging
 + Level 21.3 Stealth
 - Level 20.1(27) Shields
 + Level 23.9(27) Spellcasting
 + Level 17.2(24.3) Evocations


You couldn't memorise any spells.
You knew the following spells:

 Your Spells              Type           Power      Damage    Failure   Level
a - Magic Dart            Conj           100%       1d8       0%          1
b - Searing Ray           Conj           100%       2d8       0%          2
c - Dazzling Flash        Conj/Hex       100%       N/A       0%          3
d - Fulminant Prism       Conj/Hex       90%        3d37      0%          4
e - Iskenderun's Mystic   Conj/Tloc      100%       2d19      0%          4
f - Foxfire               Conj/Fire      100%       2x1d9     0%          1
g - Static Discharge      Conj/Air       100%       N/A       0%          2
h - Call Canine Familiar  Summ           100%       N/A       0%          3
i - Ignition              Fire           77%        3d20      1%          8
j - Flame Wave            Conj/Fire      100%       2d17      0%          4
k - Irradiate             Conj/Tmut      90%        3d43      0%          5
l - Conjure Ball Lightni  Conj/Air       90%        3x3d35    0%          6
m - Summon Hydra          Summ           77%        N/A       0%          7
n - Summon Cactus Giant   Summ           77%        N/A       0%          6
o - Inner Flame           Hex/Fire       100%       N/A       0%          3
p - Maxwell's Capacitive  Air            77%        ∞         1%          8
q - Chain Lightning       Conj/Air       90%        3d120     1%          9
w - Orb of Destruction    Conj           90%        9d20      0%          7
Your spell library was empty.

Dungeon Overview and Level Annotations

Branches:
Dungeon (15/15)            Temple (1/1) D:5            Lair (6/6) D:11
  Swamp (4/4) Lair:2        Snake (4/4) Lair:2        Slime (5/5) Lair:6
    Orc (2/2) D:10            Elf (3/3) Orc:2        Vaults (4/5) D:13
  Crypt (3/3) Vaults:2       Tomb (0/3) Crypt:3      Depths (4/4) D:15
   Hell (visited)             Zot (5/5) Depths:4
    Dis: Hell:1         Geh: Hell:1         Coc: Hell:1         Tar: Hell:1

Altars:
Ashenzari
Cheibriados
Dithmenos
Elyvilon
Fedhas
Gozag
Hepliaklqana
Kikubaaqudgha
Makhleb
Nemelex Xobeh
Okawaru
Qazlal
Ru
Sif Muna
Trog
Uskayaw
Vehumet
Wu Jian
Xom
Yredelemnul
Zin
The Shining One
Jiyva

Shops:
D:8 *   D:9 *(   D:13 !   Orc:1 !   Orc:2 [*=(   Snake:1 [   Snake:4 !
Vaults:2 [

Portals:
Hell: Depths:1 Depths:2 Depths:3 Depths:4
Abyss: Depths:2 Depths:3
Pandemonium: Depths:2
Ziggurat: Depths:3

Annotations:
Lair:3 2 transporters, kalagan's ghost, journeyman DECj
Elf:2 5 runed translucent doors, exclusion: 5 doors
Hell Geryon


Innate Abilities, Weirdness & Mutations

You are immune to sickness and miasma.
You are immune to poison.
Your flesh is very heat resistant. (rF++)
You are vulnerable to cold. (rC-)
You float through the air rather than walking.
You learn spells naturally, not from books.
Your magical power is your life essence.
You have superior vitality. (+4 MHP)
You occasionally shout uncontrollably at your foes.
You are very weak. (Str -4)


Message History

As you read the scroll of blinking {@r4}, it crumbles to dust.
The cacodemon moves out of view.
The sixfirhy moves out of view.
The orange demon moves out of view.
You hear a grinding noise.
You fly upwards.
There is a stone staircase leading down here.
A demonspawn warmonger, a reaper and a demonspawn blood saint come into view.
The demonspawn warmonger is wielding a +0 demon blade of draining.
The reaper is wielding a +2 scythe of protection.
The demonspawn blood saint shouts!
Casting: Iskenderun's Mystic Blast (safe; 0% risk of failure)
Confirm with . or Enter, or press ? or * to list all spells.
You feel a strong surge of power! Lightning arcs from your hands!
The bolt of lightning hits the demonspawn blood saint!!!!!
You kill the demonspawn blood saint!
The bolt of lightning hits you. You resist.
The bolt of lightning hits the demonspawn warmonger!!!!
The demonspawn warmonger is almost dead.
The bolt of lightning hits the reaper!!!
The reaper is heavily wounded.
Casting: Chain Lightning (mildly dangerous; 1% risk of failure)
Confirm with . or Enter, or press ? or * to list all spells.
You feel a strong surge of power! Lightning arcs from your hands!
The bolt of lightning hits the demonspawn warmonger!!!!
You kill the demonspawn warmonger!
The bolt of lightning hits the reaper!!!!!
You kill the reaper!
The bolt of lightning hits you! You resist.
You see here a +2 scythe of protection.
Aiming: Dig
Press: ? - help, Shift-Dir - straight line A rock wall.
This square is covered in magical glow.
The rock shatters into small pieces.
Aiming: Dig
Press: ? - help, Shift-Dir - straight line A rock wall.
This square is covered in magical glow.
The rock shatters into small pieces.
There is a staircase leading out of the dungeon here.
You have escaped!

##'## ##>## ##'#####.)
##...######...######...####.)
#.......................##.##
#..⌠........⌠........⌠..#.###
#........................####
##...######...######....#####
##### #####'#########.######
##.........####.#######
#..♣..@..♣.....########
##.........###########
####################
##################
#################


There were no monsters in sight!

Vanquished Creatures
  the Royal Jelly (Slime:5)
  Tiamat (Zot:1)
  Khufu (Crypt:2)
  Mara (Vaults:4)
  2 ancient liches (Zot:5)
  2 dread liches (Zot:5)
  3 orbs of fire
  2 juggernauts
  2 royal mummies (Crypt:2)
  Sojobo (Crypt:2)
  7 Killer Klowns (Zot:5)
  10 caustic shrikes
  2 curse toes
  12 golden dragons
  Jory (Crypt:2)
  the Enchantress (Depths:2)
  A bone dragon (Vaults:2)
  6 electric golems
  Jorgrun (Snake:1)
  Mlioglotl (Swamp:2)
  A Hell Sentinel (D:10)
  10 titans
  4 liches
  25 Orb Guardians (Zot:5)
  15 tentacled monstrosities
  2 deep elf blademasters (Elf:3)
  2 deep elf master archers (Elf:3)
  Asterion (Depths:1)
  16 acid blobs
  2 shard shrike skeletons
  6 sphinxes
  12 ancient champions
  2 quicksilver dragons (Zot:5)
  9 death cobs
  Kirke (Swamp:3)
  2 thorn hunters (Swamp:4)
  5 tengu reavers
  4 draconian monks
  21 storm dragons
  2 nagarajas (Snake:4)
  10 azure jellies
  3 shadow dragons
  Roxanne (Elf:2)
  5 revenants
  12 fire giants
  7 frost giants
  11 rockslimes
  The ghost of crawlogic the Severer, a journeyman HOBe of Trog (Swamp:1)
  4 draconian knights
  2 iron dragons
  A demonspawn warmonger (D:1)
  17 vault wardens
  An orc warlord (Vaults:3)
  2 draconian scorchers
  2 balrugs (Depths:2)
  3 draconian shifters
  A demonspawn blood saint (D:1)
  5 deep elf sorcerers
  21 stone giants
  3 curse skulls
  3 deep elf elementalists (Elf:3)
  A draconian stormcaller (Zot:5)
  10 ghouls
  4 spriggan defenders
  3 war gargoyles
  18 ironbound preservers
  A reaper (D:1)
  8 draconian annihilators
  16 very ugly things
  11 quicksilver oozes
  The ghost of CryoSword the Grappler, a journeyman TrFi of Kikubaaqudgha (Lair:6)
  A caustic shrike skeleton (Crypt:1)
  8 ironbound thunderhulks
  2 deep elf demonologists
  2 eleionomae
  An entropy weaver (Vaults:3)
  12 yellow draconians
  Azrael (Elf:2)
  A lorocyproca (Depths:4)
  11 green draconians
  8 vampire knights
  5 white draconians
  17 black draconians
  6 spark wasps
  4 deep elf annihilators
  8 purple draconians
  11 red draconians
  4 eidola
  A bunyip (Swamp:2)
  A blizzard demon (Depths:1)
  Snorg (Lair:4)
  19 dire elephants
  3 mummy priests (Crypt:3)
  3 merfolk javelineers
  9 deep elf death magi
  13 ettins
  7 fire dragons
  A quicksilver dragon zombie (Crypt:2)
  3 yaktaur captains
  14 great orbs of eyes
  3 deep elf high priests
  8 vault guards
  7 ice dragons
  13 jiangshi
  21 hydras
  2 boulder beetles
  Fannar (D:12)
  2 spriggan zombies
  9 rakshasas
  9 salamander tyrants
  6 anacondas
  11 naga warriors
  A fenstrider witch skeleton (Crypt:3)
  A peacekeeper (Vaults:4)
  7 spriggan air magi
  5 ironbound frosthearts
  A spriggan skeleton (Crypt:2)
  3 ghost crabs
  2 ogre magi
  A death knight (Crypt:1)
  18 two-headed ogres
  Erica (Lair:1)
  2 catoblepae
  19 centaur warriors
  7 deep troll shamans
  12 alligators
  12 spriggan berserkers
  5 death yaks (Lair:6)
  12 deep troll earth magi
  11 naga sharpshooters
  9 dancing weapons
  4 tengu warriors
  8 vampire magi
  15 deep elf knights
  Nergalle (D:11)
  A titan skeleton (Crypt:1)
  2 sun demons (Depths:2)
  Urug (Orc:1)
  A soul eater (Crypt:1)
  5 shock serpents
  4 hell knights
  11 iron trolls
  29 spriggans
  3 spriggan druids
  8 salamander mystics
  3 goliath frogs
  A sixfirhy (Depths:2)
  A bunyip zombie (Crypt:3)
  2 glowing orange brains
  5 shadow wraiths (Crypt:3)
  10 skeletal warriors
  4 flayed ghosts
  10 swamp dragons
  6 bog bodies
  An orb spider (shapeshifter) (Vaults:2)
  An orange crystal statue (Elf:2)
  10 naga ritualists
  3 orc knights
  A bunyip skeleton (Crypt:1)
  8 phantasmal warriors
  An obsidian statue (Zot:5)
  8 wizards
  60 deep trolls
  13 deep elf archers
  8 ironbound convokers
  2 oklob plants
  17 lindwurms
  27 deep elf zephyrmancers
  11 necromancers
  21 deep elf pyromancers
  A sphinx skeleton (Depths:1)
  A wolf spider (D:15)
  3 shining eyes
  A sphinx zombie (Crypt:2)
  26 ugly things
  An orc sorcerer (Elf:1)
  12 mana vipers
  5 harpies (Vaults:4)
  14 cyclopes
  19 salamanders
  5 manticores
  A frost giant zombie (Crypt:1)
  8 elephants
  27 moths of wrath
  An eleionoma skeleton (Crypt:3)
  45 black mambas
  An iron dragon skeleton (Crypt:1)
  5 guardian serpents (Snake:4)
  17 vault sentinels
  A naga zombie (Crypt:3)
  4 eyes of devastation
  13 naga magi
  An unseen horror (D:12)
  A frost giant skeleton (Crypt:1)
  A kobold demonologist (Depths:2)
  10 cane toads
  A rime drake (shapeshifter) (Depths:4)
  2 alligator snapping turtle skeletons
  A dire elephant skeleton (Crypt:1)
  9 rime drakes
  An orb spider zombie (Crypt:3)
  6 tengu conjurers
  13 guardian mummies (Crypt:3)
  A harpy zombie (Crypt:3)
  24 yaktaurs
  4 freezing wraiths
  6 komodo dragons
  2 efreet
  3 ice devils
  A steelbarb worm zombie (Crypt:2)
  A hellwing (Depths:2)
  A pale draconian skeleton (Crypt:3)
  2 red draconian skeletons (Crypt:3)
  4 trolls
  A hydra zombie (Crypt:2)
  7 blink frogs
  5 polar bears
  A shadow dragon simulacrum (Crypt:1)
  22 dream sheep
  A harpy skeleton (Crypt:1)
  7 tyrant leeches
  143 slime creatures
  22 hornets
  2 centaur simulacra
  An ettin zombie (Depths:1)
  A jumping spider zombie (Crypt:3)
  13 water elementals
  16 wyverns
  Sigmund (D:4)
  5 air elementals
  A fire dragon skeleton (Crypt:3)
  7 wraiths
  12 golden eyes
  5 hogs (Swamp:3)
  56 yaks
  2 fire elementals (Elf:2)
  A neqoxec (D:8)
  11 basilisks
  A black mamba skeleton (Crypt:3)
  2 chaos spawn
  A spriggan simulacrum (Depths:1)
  14 vampire mosquitoes
  2 two-headed ogre zombies (D:10)
  A warg (Orc:2)
  2 acid dragons
  A harpy simulacrum (D:13)
  14 swamp worms
  42 nagas
  17 water moccasins
  5 hell hounds (Elf:2)
  A floating eye (Depths:3)
  A floating eye (shapeshifter) (D:14)
  2 deep troll skeletons (Crypt:1)
  9 swamp drakes
  8 black bears
  18 orc warriors
  A hornet zombie (D:6)
  2 sky beasts (D:6)
  5 necrophages
  7 ogres
  15 boggarts
  A black mamba simulacrum (Crypt:3)
  A lindwurm skeleton (Crypt:1)
  A hog zombie (Crypt:2)
  24 wolves
  17 centaurs
  2 phantoms (D:10)
  A rime drake zombie (Crypt:2)
  12 bullfrogs
  4 kobold brigands
  A glowing shapeshifter simulacrum (Depths:1)
  3 earth elementals
  2 scorpions (D:6)
  A yak skeleton (Crypt:2)
  5 killer bees (D:10)
  4 electric eels (Lair:1)
  10 wights (D:9)
  4 howler monkeys (D:9)
  A lava snake (D:14)
  4 centaur zombies
  A black bear zombie (Crypt:3)
  A bullfrog zombie (D:6)
  4 hounds
  11 orc priests
  A jelly (D:8)
  A bullfrog skeleton (D:3)
  4 centaur skeletons
  2 iguanas
  Terence (D:2)
  Natasha (thrice) (D:3)
  20 orc wizards
  26 hell rats
  6 ogre zombies (D:10)
  A naga skeleton (Crypt:1)
  A hound zombie (Crypt:3)
  A hound skeleton (D:4)
  A mummy (Crypt:2)
  2 howler monkey zombies (D:8)
  3 adders
  A shadow imp (D:8)
  A white imp (Vaults:3)
  An adder skeleton (D:4)
  2 worms
  A barachi skeleton (Crypt:2)
  7 dart slugs
  45 orcs
  4 endoplasms
  A giant cockroach (D:4)
  8 goblins
  10 hobgoblins
  8 jackals
  3 quokkas
  10 ball pythons
  A ball python skeleton (Crypt:2)
  A ball python zombie (Crypt:1)
  6 bats
  3 frilled lizards
  2 gnoll skeletons (Crypt:1)
  A goblin skeleton (D:10)
  4 goblin zombies (D:10)
  A hobgoblin skeleton (D:10)
  4 hobgoblin zombies (D:10)
  15 kobolds
  16 orc zombies
  3 rats
  A rat skeleton (Crypt:2)
  A bush (Lair:2)
  12 foxfires
2294 creatures vanquished.

Vanquished Creatures (collateral kills)
  Boris (Crypt:2)
  A profane servitor (Crypt:3)
  Frances (Snake:2)
  A vault warden (Vaults:3)
  Aizul (Snake:1)
  A deep elf elementalist (Elf:3)
  3 ironbound preservers
  An ironbound thunderhulk (Vaults:1)
  A deep elf demonologist (Elf:3)
  An entropy weaver (Vaults:2)
  5 dire elephants
  2 naga warriors
  A boulder beetle (Vaults:1)
  2 hydras
  An ironbound frostheart (Vaults:2)
  3 anacondas
  A salamander mystic (Snake:1)
  2 goliath frogs (Swamp:2)
  3 deep trolls
  A naga ritualist (Snake:3)
  2 wizards (Vaults:1)
  2 lindwurms (Vaults:1)
  An ironbound convoker (Vaults:2)
  3 ugly things
  3 salamanders
  3 will-o-the-wisps
  A guardian serpent (Snake:4)
  A vault sentinel (Vaults:1)
  A black mamba (Snake:1)
  2 yaktaurs
  A merfolk (D:10)
  7 slime creatures
  A naga (Snake:3)
  7 ball lightnings
  A foxfire (Lair:5)
69 creatures vanquished.

Vanquished Creatures (others)
  Margery (Vaults:3)
  An ironbound preserver (Vaults:2)
  2 bloated husks (Swamp:2)
  89 ball lightnings
  695 foxfires
  334 fulminant prisms
  60 fungi
  92 plants
  2 starspawn tentacles (Swamp:2)
1276 creatures vanquished.

Grand Total: 3639 creatures vanquished

Notes
Turn   | Place    | Note
-------+----------+-------------------------------------------
     0 | D:1      | PanSaczeczos the Djinni Conjurer began the quest for the
                  | Orb.
     0 | D:1      | Reached XP level 1. HP: 15/15 MP: 0/0
   182 | D:1      | Reached skill level 1 in Fighting
   192 | D:1      | Reached XP level 2. HP: 4/22 MP: 0/0
   536 | D:1      | Reached skill level 2 in Fighting
   721 | D:1      | Reached XP level 3. HP: 19/28 MP: 0/0
   721 | D:1      | Learned a level 1 spell: Foxfire
  2107 | D:2      | Noticed Terence
  2254 | D:2      | Reached XP level 4. HP: 31/33 MP: 0/0
  2845 | D:2      | Killed Terence
  3065 | D:3      | Reached skill level 3 in Fighting
  3065 | D:3      | Reached XP level 5. HP: 29/40 MP: 0/0
  3065 | D:3      | Learned a level 2 spell: Static Discharge
  3313 | D:3      | Found a faded altar of an unknown god.
  3415 | D:3      | Found an iron altar of Okawaru.
  3479 | D:3      | Noticed Natasha
  3482 | D:3      | Killed Natasha
  3618 | D:3      | Noticed Natasha
  3622 | D:3      | Killed Natasha
  3623 | D:3      | Reached skill level 4 in Fighting
  3969 | D:3      | Reached XP level 6. HP: 39/47 MP: 0/0
  4019 | D:3      | Noticed a +0 falchion
  4019 | D:3      | Noticed a +0 short sword
  4028 | D:3      | Noticed a +0 spear
  4028 | D:3      | Noticed a +0 short sword
  4030 | D:3      | Noticed a +0 dagger
  4030 | D:3      | Noticed a +0 spear
  4030 | D:3      | Noticed a +0 dagger
  4032 | D:3      | Noticed a +0 falchion
  4036 | D:3      | Found a hide-covered altar of Uskayaw.
  4076 | D:3      | Noticed Natasha
  4083 | D:3      | Killed Natasha
  4272 | D:3      | Found a hazy altar of Hepliaklqana.
  5010 | D:4      | Noticed a necrophage
  5014 | D:4      | Killed a necrophage
  5015 | D:4      | Reached skill level 5 in Spellcasting
  5015 | D:4      | Reached XP level 7. HP: 50/52 MP: 0/0
  5015 | D:4      | Learned a level 3 spell: Call Canine Familiar
  5510 | D:4      | Noticed a water moccasin
  5515 | D:4      | Killed a water moccasin
  5516 | D:4      | Reached skill level 5 in Fighting
  5614 | D:4      | Noticed Sigmund
  5628 | D:4      | Killed Sigmund
  5629 | D:4      | Reached XP level 8. HP: 41/59 MP: 0/0
  6019 | D:5      | Entered Level 5 of the Dungeon
  6410 | D:5      | Found a staircase to the Ecumenical Temple.
  6418 | Temple   | Entered the Ecumenical Temple
  6689 | Temple   | Became a worshipper of Ashenzari the Shackled
  7148 | D:6      | Reached skill level 6 in Fighting
  7806 | D:6      | Reached XP level 9. HP: 47/67 MP: 0/0
  7806 | D:6      | Learned a level 3 spell: Inner Flame
  7808 | D:6      | Reached skill level 7 in Fighting
  9326 | D:7      | Identified the ring of Daadwath {rPois rC++ rCorr Str+4
                  | Dex-3}
  9514 | D:7      | Identified a scroll of acquirement
  9627 | D:8      | Found Kythit's General Store.
 10378 | D:8      | Found a stormy altar of Qazlal.
 10386 | D:8      | Noticed a hornet
 10395 | D:8      | Killed a hornet
 10726 | D:9      | Found Akliqeohi's Mayhem Merchandise.
 10732 | D:9      | Reached skill level 8 in Fighting
 10735 | D:9      | Noticed a two-headed ogre
 10738 | D:9      | Reached XP level 10. HP: 52/77 MP: 0/0
 10951 | D:9      | Reached skill level 9 in Fighting
 11244 | D:9      | Noticed a two-headed ogre
 11249 | D:9      | HP: 7/79 [two-headed ogre/+0 dire flail (13)]
 11250 | D:9      | Killed a two-headed ogre
 11251 | D:9      | Reached skill level 10 in Fighting
 11632 | D:9      | Killed a two-headed ogre
 11770 | D:9      | Found Zalegor's Antique Weapon Shoppe.
 12442 | D:9      | Found a sparkling altar of Nemelex Xobeh.
 12572 | D:9      | Found a snail-covered altar of Cheibriados.
 12598 | D:9      | Reached * piety under Ashenzari
 12878 | D:10     | Entered Level 10 of the Dungeon
 12890 | D:10     | Noticed a two-headed ogre
 12894 | D:10     | Reached XP level 11. HP: 69/89 MP: 0/0
 12894 | D:10     | Learned a level 4 spell: Flame Wave
 13204 | D:10     | Reached skill level 10 in Spellcasting
 13561 | D:10     | Noticed a two-headed ogre
 13571 | D:10     | Killed a two-headed ogre
 14029 | D:10     | Found a staircase to the Orcish Mines.
 14113 | D:10     | Killed a two-headed ogre
 14114 | D:10     | Reached skill level 11 in Fighting
 14650 | D:10     | Found a shadowy altar of Dithmenos.
 14740 | D:10     | Reached skill level 1 in Armour
 14740 | D:10     | Reached skill level 1 in Shields
 14977 | D:10     | Noticed a two-headed ogre
 14987 | D:10     | Killed a two-headed ogre
 15519 | D:10     | Found a staircase to the Orcish Mines.
 15643 | D:11     | Reached skill level 12 in Fighting
 15643 | D:11     | Reached XP level 12. HP: 81/98 MP: 0/0
 16112 | D:11     | Found a staircase to the Lair.
 16113 | D:11     | Noticed a two-headed ogre
 16143 | D:11     | Killed a two-headed ogre
 17078 | D:11     | Reached ** piety under Ashenzari
 17328 | D:11     | Noticed Nergalle
 17336 | D:11     | Killed Nergalle
 17483 | D:11     | Reached skill level 13 in Fighting
 18059 | D:11     | Noticed a two-headed ogre
 18065 | D:11     | Killed a two-headed ogre
 18409 | Lair:1   | Entered Level 1 of the Lair of Beasts
 18875 | Lair:1   | Noticed Erica
 18892 | Lair:1   | Killed Erica
 18893 | Lair:1   | Reached skill level 14 in Fighting
 18928 | Lair:1   | Reached *** piety under Ashenzari
 19361 | Lair:1   | Reached XP level 13. HP: 104/113 MP: 0/0
 19361 | Lair:1   | Learned a level 5 spell: Irradiate
 20156 | Lair:2   | Reached skill level 15 in Fighting
 20369 | Lair:2   | Found a staircase to the Snake Pit.
 20425 | Lair:2   | Found a staircase to the Swamp.
 21540 | Lair:3   | Noticed a five-headed hydra
 21545 | Lair:3   | HP: 26/117 [five-headed hydra (10)]
 21546 | Lair:3   | Killed a five-headed hydra
 22024 | Lair:3   | Reached skill level 16 in Fighting
 22060 | Lair:3   | Noticed a rakshasa
 22113 | Lair:3   | Found a transporter.
 22114 | Lair:3   | Noticed kalagan's ghost (journeyman DECj)
 22116 | Lair:3   | Noticed a rakshasa
 22252 | Lair:3   | Found a transporter.
 23291 | Lair:4   | Noticed Snorg
 23923 | Lair:4   | Reached skill level 17 in Fighting
 24669 | Lair:4   | Reached XP level 14. HP: 101/129 MP: 0/0
 25115 | Lair:5   | Reached skill level 1 in Evocations
 26011 | Lair:5   | Identified the +6 scale mail "Ylydoa" {Str-5 Slay+5}
 26398 | Lair:6   | Entered Level 6 of the Lair of Beasts
 26444 | Lair:6   | Reached skill level 5 in Shields
 26549 | Lair:6   | Reached skill level 18 in Fighting
 26825 | Lair:6   | Found a frozen archway.
 26826 | Lair:6   | Identified the +0 robe "Zapauneu" {Harm rCorr MP+9 Slay+5}
 28055 | Lair:6   | Reached XP level 15. HP: 126/137 MP: 0/0
 28055 | Lair:6   | Learned a level 6 spell: Conjure Ball Lightning
 29067 | Lair:6   | Found a staircase to the Slime Pits.
 29067 | Lair:6   | Found a runed translucent door.
 29068 | Lair:6   | Found a viscous altar of Jiyva.
 29132 | Lair:6   | Found a stormy altar of Qazlal.
 29761 | Lair:6   | Identified Sif Muna's Thaumaturgy Continued
 30163 | Lair:6   | Noticed CryoSword's ghost (journeyman TrFi)
 30163 | Lair:6   | Identified the +7 spear of Contention {flame, Contam rElec
                  | Int+6 SInv}
 30619 | Lair:4   | Killed Snorg
 31039 | Orc:1    | Entered Level 1 of the Orcish Mines
 31039 | Orc:1    | Found Athrus Yserr's Distillery.
 31569 | Orc:1    | Bought a potion of haste for 180 gold pieces
 31569 | Orc:1    | Bought a potion of invisibility for 144 gold pieces
 31569 | Orc:1    | Bought a potion of brilliance for 72 gold pieces
 31569 | Orc:1    | Bought a potion of haste for 180 gold pieces
 32680 | Orc:1    | Noticed Urug
 32838 | Orc:1    | Killed Urug
 33269 | Orc:2    | Entered Level 2 of the Orcish Mines
 33481 | Orc:2    | Found Sim Davaa's Antique Armour Shop.
 33487 | Orc:2    | Noticed a stone giant
 33493 | Orc:2    | Killed a stone giant
 33823 | Orc:2    | Found Buxusedgh's General Store.
 33862 | Orc:2    | Found a staircase to the Elven Halls.
 33874 | Orc:2    | Found a flickering gateway to a bazaar.
 33884 | Bazaar   | Entered a bazaar
 33967 | Bazaar   | Found Piex's Magic Scroll Boutique.
 33971 | Bazaar   | Bought a scroll of acquirement for 416 gold pieces
 33971 | Bazaar   | Found Ifeung's Armour Boutique.
 33971 | Bazaar   | Found Kohia's Distillery.
 33972 | Bazaar   | Found Ihiuku's Distillery.
 33977 | Bazaar   | Bought a potion of curing for 36 gold pieces
 33977 | Bazaar   | Bought a potion of haste for 120 gold pieces
 33977 | Bazaar   | Bought a potion of heal wounds for 60 gold pieces
 33987 | Bazaar   | Bought a potion of heal wounds for 55 gold pieces
 33999 | Bazaar   | Bought the +3 hat of Pondering {ponderous, Will+ MP+10
                  | Int+5} for 342 gold pieces
 33999 | Bazaar   | Found the +3 hat of Pondering {ponderous, Will+ MP+10
                  | Int+5}
 34004 | Bazaar   | Bought a +2 pair of gloves of stealth for 193 gold pieces
 34004 | Bazaar   | Acquired the ring "Earthly Heaven" {rElec Str+5 Slay-5
                  | SInv}
 34006 | Bazaar   | Acquired a manual of Fighting
 34014 | Orc:2    | Found Kadit's Jewellery Shoppe.
 34040 | Orc:2    | Found Gumyoq's Antique Weapon Shop.
 34684 | D:12     | Reached skill level 19 in Fighting
 34988 | D:12     | Noticed Fannar
 34995 | D:12     | Killed Fannar
 36221 | D:13     | Reached XP level 16. HP: 106/145 MP: 0/0
 37105 | D:13     | Found Boeh's Distillery.
 37184 | D:13     | Bought a potion of heal wounds for 65 gold pieces
 37184 | D:13     | Bought a potion of heal wounds for 65 gold pieces
 37184 | D:13     | Bought 2 potions of heal wounds for 130 gold pieces
 37702 | D:13     | Found a gate to the Vaults.
 39451 | D:14     | Reached skill level 10 in Shields
 39454 | D:14     | Reached skill level 20 in Fighting
 39665 | D:14     | Reached skill level 5 in Evocations
 40003 | D:15     | Entered Level 15 of the Dungeon
 40672 | D:15     | Found a staircase to the Depths.
 41441 | Snake:1  | Entered Level 1 of the Snake Pit
 41445 | Snake:1  | Noticed Jorgrun
 42863 | Snake:1  | Killed Jorgrun
 42864 | Snake:1  | Reached XP level 17. HP: 136/155 MP: 0/0
 42864 | Snake:1  | Learned a level 7 spell: Summon Hydra
 42997 | Snake:1  | Found Mioptur's Armour Boutique.
 43694 | Snake:1  | Reached skill level 21 in Fighting
 43872 | Snake:1  | Noticed Aizul
 43882 | Snake:1  | Killed Aizul
 44464 | Snake:2  | Noticed Frances
 44479 | Snake:2  | Killed Frances
 44653 | Snake:2  | Reached **** piety under Ashenzari
 44719 | Snake:1  | Bought the +2 robe of Foolhardiness {rElec Will+ SInv
                  | Archmagi} for 921 gold pieces
 44873 | Snake:2  | Identified the +8 spear of Purpose {venom, rElec rCorr
                  | SInv}
 46434 | Snake:3  | HP: 26/157 [spore (15)]
 47864 | Snake:3  | Reached skill level 22 in Fighting
 48427 | Snake:4  | Entered Level 4 of the Snake Pit
 48445 | Snake:4  | Reached XP level 18. HP: 130/166 MP: 0/0
 48604 | Snake:4  | Found Huoruokh's Distillery.
 48708 | Snake:4  | Bought 2 potions of brilliance for 112 gold pieces
 48761 | Snake:4  | HP: 35/166 [salamander tyrant/flame surge (8)]
 49167 | Snake:4  | Reached skill level 5 in Dodging
 50591 | Snake:4  | Identified the +2 scale mail of the True Pharaoh {rF+
                  | Will+}
 50599 | Snake:4  | Reached ***** piety under Ashenzari
 51984 | Snake:4  | Got a serpentine rune of Zot
 52163 | Swamp:1  | Entered Level 1 of the Swamp
 52323 | Swamp:1  | Reached skill level 15 in Spellcasting
 52595 | Swamp:1  | Found a runed translucent door.
 52595 | Swamp:1  | Noticed crawlogic's ghost (journeyman HOBe)
 53956 | Swamp:2  | Reached XP level 19. HP: 162/174 MP: 0/0
 53956 | Swamp:2  | Learned a level 6 spell: Summon Cactus Giant
 54657 | Swamp:3  | Noticed Mlioglotl
 54667 | Swamp:3  | Noticed a bone dragon
 54679 | Swamp:2  | Killed Mlioglotl
 56142 | Swamp:3  | Noticed Kirke
 56154 | Swamp:3  | Killed Kirke
 56155 | Swamp:3  | Reached skill level 23 in Fighting
 56312 | Swamp:4  | Entered Level 4 of the Swamp
 56936 | Swamp:4  | Reached skill level 5 in Stealth
 57204 | D:8      | Bought a scroll of teleportation for 30 gold pieces
 57204 | D:8      | Bought a phantom mirror for 400 gold pieces
 58063 | Swamp:4  | Noticed a tentacled monstrosity
 59007 | Swamp:4  | Got a decaying rune of Zot
 59039 | Swamp:4  | Killed a tentacled monstrosity
 59729 | Vaults:1 | Entered Level 1 of the Vaults
 59924 | Snake:4  | Bought a potion of cancellation for 112 gold pieces
 61385 | Vaults:1 | Reached XP level 20. HP: 167/181 MP: 0/0
 61757 | Vaults:1 | Identified the +2 plate armour of Feasting {Str+3 Int-4
                  | Dex+2 Stlth+}
 62391 | Vaults:1 | Reached ****** piety under Ashenzari
 63124 | Vaults:2 | Found Vyuh's Antique Armour Emporium.
 64914 | Vaults:2 | Reached skill level 15 in Shields
 65040 | Vaults:2 | Noticed a bone dragon
 65054 | Vaults:2 | Killed a bone dragon
 65212 | Vaults:2 | Reached XP level 21. HP: 122/187 MP: 0/0
 65212 | Vaults:2 | Learned a level 7 spell: Orb of Destruction
 66137 | Vaults:2 | Reached skill level 24 in Fighting
 66960 | Vaults:2 | Found a staircase to the Crypt.
 67205 | Vaults:2 | Identified the Incunabulum of Poison and the Birds
 68784 | Vaults:3 | Acquired 1264 gold pieces
 69628 | Vaults:3 | Noticed Margery
 69654 | Vaults:3 | Killed Margery
 70250 | Vaults:3 | Reached XP level 22. HP: 187/194 MP: 0/0
 70272 | Vaults:3 | Reached skill level 10 in Stealth
 71810 | Vaults:4 | Noticed Mara
 71819 | Vaults:4 | Noticed PanSaczeczos's illusion
 71896 | Vaults:4 | Killed Mara
 74116 | Elf:1    | Entered Level 1 of the Elven Halls
 74544 | Elf:1    | Paralysed by an air elemental for 1 turns
 75052 | Elf:1    | Identified the Incunabulum of the Entourage
 75476 | Elf:1    | Reached XP level 23. HP: 159/201 MP: 0/0
 75476 | Elf:1    | Learned a level 8 spell: Ignition
 76837 | Elf:2    | Noticed Roxanne
 76880 | Elf:2    | Paralysed by an air elemental for 1 turns
 77206 | Elf:2    | Identified the +1 leather armour of Boredom {Rampage Dex+4}
 77207 | Elf:2    | Noticed Azrael
 77218 | Elf:2    | Killed Azrael
 77357 | Elf:2    | Identified the +4 broad axe of the Hawk {flame, *Noise
                  | rElec rF+ Dex+6}
 77580 | Elf:2    | Found a huge runed translucent gate.
 77582 | Elf:2    | Found a huge runed translucent gate.
 77582 | Elf:2    | Found a huge runed translucent gate.
 77583 | Elf:2    | Found a huge runed translucent gate.
 77583 | Elf:2    | Found a huge runed translucent gate.
 77740 | Elf:2    | Killed Roxanne
 78145 | Elf:3    | Entered Level 3 of the Elven Halls
 78166 | Elf:3    | Found a flickering gateway to a bazaar.
 78175 | Bazaar   | Entered a bazaar
 78239 | Bazaar   | Found Caroypou's Assorted Antiques.
 78252 | Bazaar   | Found Jilonk's Weapon Shop.
 78283 | Bazaar   | Found Tanaisei's Book Shop.
 78283 | Bazaar   | Found Odusk's Weapon Boutique.
 78316 | Bazaar   | Bought a scroll of teleportation for 72 gold pieces
 78316 | Bazaar   | Bought a potion of brilliance for 96 gold pieces
 78316 | Bazaar   | Bought a potion of heal wounds for 120 gold pieces
 78889 | Elf:3    | Identified the +9 shortbow of the Shoals {venom, rF- rN+
                  | Str+2}
 79019 | Elf:3    | Identified the ring of Insomnia {rC+ Int+4 Dex+6}
 79480 | Elf:3    | Identified the ring of Dusur {*Slow rC+ Will+++ rCorr}
 79996 | Elf:3    | Identified the +0 plate armour of Bycwurr {Will+}
 80087 | Elf:3    | Identified Vuomim's Guide on Ghastly Fire
 80155 | Elf:3    | Identified the +6 morningstar of the Gloaming {vorpal,
                  | Int+6 SInv}
 81037 | Crypt:1  | Entered Level 1 of the Crypt
 83267 | Crypt:2  | Noticed a royal mummy
 83271 | Crypt:2  | Noticed Khufu
 83272 | Crypt:2  | Killed a royal mummy
 83274 | Crypt:2  | Noticed a royal mummy
 83645 | Crypt:2  | Killed Khufu
 83646 | Crypt:2  | Reached XP level 24. HP: 172/208 MP: 0/0
 83772 | Crypt:2  | Killed a royal mummy
 84142 | Crypt:2  | Found the +7 lajatang of Order {silver, rMut}
 84147 | Crypt:2  | Noticed Sojobo
 84153 | Crypt:2  | Killed Sojobo
 85520 | Crypt:3  | Entered Level 3 of the Crypt
 85985 | Crypt:3  | Found a staircase to the Tomb.
 86274 | Crypt:3  | Noticed Jory
 86359 | Crypt:2  | HP: 47/208 [Jory/+0 vorpal great sword (43)]
 86361 | Crypt:2  | Killed Jory
 86680 | Crypt:3  | Noticed Boris
 86695 | Crypt:2  | Killed Boris
 88776 | Crypt:3  | Noticed a curse toe
 89071 | Crypt:3  | Found a basalt altar of Yredelemnul.
 89078 | Crypt:3  | Identified the +2 plate armour of Wowko {rElec}
 89979 | Crypt:3  | Found a staircase to the Tomb.
 90160 | Crypt:3  | Killed a curse toe
 90446 | Depths:1 | Entered Level 1 of the Depths
 90446 | Depths:1 | Noticed a golden dragon
 90457 | D:15     | Reached XP level 25. HP: 70/214 MP: 0/0
 90457 | D:15     | Learned a level 8 spell: Maxwell's Capacitive Coupling
 91987 | Depths:1 | Noticed a juggernaut
 91995 | Depths:1 | Killed a juggernaut
 92088 | Depths:1 | Reached skill level 10 in Evocations
 92260 | Depths:1 | Noticed Asterion
 92267 | Depths:1 | Killed Asterion
 92781 | Depths:1 | Found a gateway to Hell.
 93294 | Swamp:1  | Killed crawlogic's ghost
 93651 | Depths:2 | Noticed the Enchantress
 93840 | Depths:2 | Killed the Enchantress
 94764 | Depths:2 | Noticed a juggernaut
 94789 | Depths:2 | Killed a juggernaut
 95105 | Depths:2 | Found a one-way gate leading to the halls of Pandemonium.
 95122 | Depths:2 | Identified the +9 hand axe of Fedhas's Anger {pain, Str+2}
 95164 | Depths:2 | Identified the +10 spear "Pawnuter" {vorpal, rPois Int+4}
 95591 | Depths:2 | Found a one-way gate to the infinite horrors of the Abyss.
 96024 | Depths:2 | Identified the ring of Hodycwui {Wiz rPois Will+ Str-5
                  | Stlth+}
 96179 | Depths:2 | Reached XP level 26. HP: 195/221 MP: 0/0
 96278 | Depths:2 | Reached skill level 15 in Stealth
 96327 | Depths:2 | Identified the amulet of Jastrot {Spirit *Slow rElec rC+++
                  | SInv}
 96410 | Depths:2 | Identified the ring "Wisuem" {Int+2 SInv}
 98939 | Depths:3 | Identified the +1 robe "Ceoget" {Harm}
 99049 | Depths:3 | Found a one-way gateway to a ziggurat.
100083 | Depths:4 | Entered Level 4 of the Depths
101189 | Depths:4 | Found a portal to a secret trove of treasure.
101584 | Depths:4 | Reached XP level 27. HP: 223/228 MP: 0/0
101584 | Depths:4 | Learned a level 9 spell: Chain Lightning
102167 | Depths:4 | Found a gate to the Realm of Zot.
102222 | Depths:4 | Found a white marble altar of Elyvilon.
103076 | Orc:2    | Bought 2 potions of mutation for 240 gold pieces
104003 | Lair:6   | Killed CryoSword's ghost
104196 | Slime:1  | Entered Level 1 of the Pits of Slime
105699 | Slime:2  | Gained mutation: You are frail. (-10% HP) [a shining eye]
105745 | Slime:3  | Lost mutation: You are frail. (-10% HP) [potion of
                  | mutation]
105745 | Slime:3  | Gained mutation: You occasionally shout uncontrollably at
                  | your foes. [potion of mutation]
105987 | Slime:5  | Entered Level 5 of the Pits of Slime
106021 | Slime:5  | Noticed the Royal Jelly
106132 | Slime:5  | Killed the Royal Jelly
106732 | Slime:5  | Identified Igiot's Advanced Thaumaturgy
107060 | Slime:5  | Identified the +8 dire flail of Earthquakes {freeze,
                  | Str+10}
107083 | Slime:5  | Identified the +4 plate armour of Finy {rElec rF+ Stlth-}
107121 | Slime:5  | Got a slimy rune of Zot
107606 | Hell     | Entered the Vestibule of Hell
107606 | Hell     | Noticed Geryon
107682 | Depths:4 | You showed the slimy rune of Zot to enter a treasure trove
107683 | Trove    | Entered a treasure trove
107826 | Zot:1    | Entered Level 1 of the Realm of Zot
107840 | Zot:1    | Found the +4 dragonskin cloak
107840 | Zot:1    | Noticed Tiamat
108097 | Zot:1    | HP: 34/228 [Tiamat/+1 vorpal glaive (54)]
109215 | Zot:1    | Killed Tiamat
112264 | Zot:3    | Identified the +2 ring mail "Jahuuwum" {rF+ Will++ Int-3
                  | Dex+4}
113771 | Zot:3    | HP: 54/228 [electric golem (5)]
115229 | Zot:5    | Entered Level 5 of the Realm of Zot
116689 | Zot:5    | Noticed an ancient lich
116693 | Zot:5    | Killed an ancient lich
116706 | Zot:5    | Noticed an ancient lich
116863 | Zot:5    | Noticed an orb of fire
116863 | Zot:5    | Noticed an orb of fire
116871 | Zot:5    | Noticed a Killer Klown
116891 | Zot:5    | Killed a Killer Klown
117324 | Zot:5    | Noticed a Killer Klown
117334 | Zot:5    | Killed a Killer Klown
117352 | Zot:5    | Noticed a dread lich
117357 | Zot:5    | Killed a dread lich
117358 | Zot:5    | Reached skill level 15 in Evocations
117423 | Zot:5    | Noticed a Killer Klown
117425 | Zot:5    | a Killer Klown changed into an iron dragon
117522 | Zot:5    | Noticed an orb of fire
117525 | Zot:5    | Gained mutation: You are weak. (Str -2) [an orb of fire]
117527 | Zot:5    | Killed an orb of fire
117553 | Zot:5    | Gained mutation: You are very weak. (Str -4) [an orb of
                  | fire]
117558 | Zot:4    | Killed an orb of fire
117855 | Zot:5    | Noticed a Killer Klown
118014 | Zot:5    | Killed a Killer Klown
118291 | Zot:5    | Killed an orb of fire
118352 | Zot:5    | Noticed a Killer Klown
118354 | Zot:5    | Noticed a Killer Klown
118356 | Zot:5    | Killed a Killer Klown
118360 | Zot:5    | Killed a Killer Klown
118370 | Zot:5    | Noticed a Killer Klown
118465 | Zot:5    | Killed a Killer Klown
118488 | Zot:5    | Noticed a Killer Klown
118492 | Zot:5    | Killed a Killer Klown
118574 | Zot:5    | Killed an ancient lich
118811 | Zot:5    | Noticed a dread lich
118815 | Zot:5    | Killed a dread lich
119576 | Zot:5    | Identified the +1 ring mail "Vaovam" {rPois Int-4 Stlth+}
119969 | Zot:5    | Got the Orb of Zot
120337 | D:9      | Noticed a seraph
120487 | D:$      | Escaped with the Orb!

Illustrated notes

Levels and vault maps discovered:
D:1:      minmay_arrival_split_and_join, layout_rooms
D:2:      layout_loops_ring, minivault_5, uniq_terence
D:3:      layout_loops_ring, nicolae_uskayaw_en_pointe, led_sif_pool,
          lemuel_round_altar, okawaru_ov_weapons_minmay,
          hellmonk_ecumenical_altar_leap_of_faith, minmay_ruptured, uniq_natasha
D:4:      layout_gridville, uniq_sigmund
D:5:      layout_gridville, minmay_temple_entry_gardened_gates
D:6:      layout_basic, ebering_dispersal_statue_hall
D:7:      layout_loops_ring
D:8:      layout_cave_pools, mainiacjoe_overflow_24_doors, serial_shops,
          nicolae_shop_waterfront, minmay_unpleasant_kobolds
D:9:      layout_rooms, slow_altar_1, nemelex_spade_bored_becter, serial_shops,
          nicolae_shop_competitors_out_of_business, minmay_shop_mayhem,
          nrook_campfire
D:10:     layout_cross, lemuel_round_altar, zombieorc2_lemuel, serial_rivers,
          chequers_serial_rivers_small_b, chequers_serial_rivers_micro_d,
          chequers_serial_rivers_small_a, chequers_serial_rivers_small_b,
          chequers_serial_rivers_small_3, hangedman_fish_farm
D:11:     layout_roguey, minmay_lair_entry_grove, minmay_statues_item,
          hangedman_decor_lopped, uniq_nergalle
D:12:     layout_rooms, uniq_fannar
D:13:     layout_basic, skrybe_vaults_entry_preservation, serial_shops, shop
D:14:     layout_roguey, kennysheep_generic_room_16
D:15:     hangedman_depths_entry_try_elsewhere_first, layout_basic,
          serial_glass, glass_columns_c, glass_columns_a,
          minmay_strange_pillars, minmay_strange_pillars, feat_on_display,
          minmay_strange_pillars
Temple:   minmay_temple_curvy_branch
Lair:1:   layout_long_grid, gammafunk_lair_bear_cave, serial_bayou_shore_a,
          uniq_erica
Lair:2:   layout_long_grid, swamp_mist, minmay_snake_entry_guardpost_large,
          minmay_lair_oklob_bushes, chequers_serial_rivers_small_a
Lair:3:   layout_chaotic_city, gammafunk_ghost_abyssal_escape
Lair:4:   layout_roguey [special_room_mythical_zoo], uniq_snorg
Lair:5:   layout_concentric_octagons
Lair:6:   minmay_lair_end_enchanted_forest, layout_hall_layers, slime_altar_1,
          portal_ice_cave_demonic_guard, basic_altar, special_room
          [special_room_mythical_zoo], ebering_ghost_funeral_grove,
          chequers_serial_rivers_room_a
Swamp:1:  layout_basic_swamp, hellmonk_ghost_happy_afterlife,
          evilmike_swamp_ruin_house_6, nicolae_swamp_big_swirl
Swamp:2:  layout_falls_marsh, hangedman_swamp_blocks
Swamp:3:  layout_basic_swamp, evilmike_swamp_ruin_rubble_1, uniq_mlioglotl,
          uniq_kirke
Swamp:4:  swamp, layout_basic_swamp, swamp_pool2
Snake:1:  layout_gridlike, serial_shops, nicolae_square_shop, special_room,
          uniq_jorgrun, uniq_aizul
Snake:2:  layout_basic, grunt_megastairs_1, uniq_frances
Snake:3:  layout_rooms, lemuel_fruit_tree
Snake:4:  grunt_snake_rune_pools, layout_rooms, serial_shops, shop_fountains,
          serial_bayou_shore_b, grunt_megastairs_4
Slime:1:  layout_caves
Slime:2:  layout_caves
Slime:3:  layout_caves
Slime:4:  layout_caves
Slime:5
Orc:1:    layout_caves, serial_shops, shop_coins, mines3_lemuel, uniq_urug
Orc:2:    grunt_orc_gardens, layout_diamond_mine, grunt_orc_garden,
          grunt_orc_garden, grunt_orc_garden, grunt_orc_garden, serial_shops,
          bzr_entry_water, gauntlet_entry_generic, hellmonk_bongcloud_opening
Elf:1:    elf_arrival_001, layout_geoelf_diagonals, minmay_elf_demonology,
          grunt_megastairs_3
Elf:2:    elven_hall_of_blades_hangedman_alternative
          [nicolae_blade_entry_diamond_columns], layout_rooms, minivault_15,
          uniq_saint_roka, uniq_azrael, uniq_roxanne
Elf:3:    elf_hall_gauntlet_wide, layout_gridlike, serial_shops, freezing_bzr,
          basic_altar
Vaults:1: v_misc_10, nicolae_vaults_border_crossing, vaults_room_large_hall,
          vaults_mumra_lcd, nicolae_vaults_circle_grid_a,
          grunt_vaults_hallway_short, dpeg_vaults_monster_box,
          layout_vaults_omnigrid
Vaults:2: nicolae_vaults_arrows, hangedman_vaults_trim,
          nicolae_vaults_minivaults, hangedman_vaults_stitches,
          nicolae_vaults_big_angled_halls, vaults_room_pools,
          dpeg_vaults_monster_row, v_misc_8, minmay_crypt_entry_nasty_monster,
          v_misc_10, v_misc_30, layout_vaults_omnicross, serial_shops,
          nicolae_shop_trees
Vaults:3: v_misc_25, v_misc_11, ontoclasm_vaults_ring_square, st_squares,
          hangedman_vaults_slither, nicolae_vaults_little_squares_3,
          nicolae_vaults_network_star, vaults_standard_mumra_x, serial_ice_b,
          vaults_room_pools, nicolae_vaults_diagonal_hallway_7, serial_ice_h,
          layout_vaults_ring, uniq_margery
Vaults:4: ontoclasm_vaults_chip, hangedman_vaults_snaps,
          nicolae_vaults_inception_corners, vaults_dpeg_hooks,
          ontoclasm_vaults_tryst, layout_vaults_chaotic_city, uniq_mara
Crypt:1:  layout_gridlike, grunt_ministairs_14, corexii_leaking_fountain,
          grunt_megastairs_2
Crypt:2:  layout_gridlike, grunt_ministairs_5, uniq_khufu, uniq_sojobo,
          uniq_bai_suzhen
Crypt:3:  lightli_unholy_cathedral, layout_chaotic_city,
          tomb_entry_sphere_bobbens, uniq_boris, uniq_jory
Depths:1: layout_basic, hangedman_coc_ice_floe, minmay_misc_feat_secret_circle,
          evilmike_ambush [evilmike_ambush_outer_basic,
          evilmike_ambush_inner_basic], serial_bayou_shore_b, uniq_asterion
Depths:2: hangedman_six_sided_sadism, layout_gridville, chequers_big_river,
          lightli_too_deep, rand_demon_pan_entry_4, marbit_kobold_abyss_entry,
          solitary_fountain, hangedman_decor_opposing, uniq_enchantress
Depths:3: minmay_slanted_spiral_squares, layout_basic, enter_ziggurat_d,
          grunt_hell_entry_dis_mu, abyss_entry
Depths:4: grunt_zot_entry_hairpin, layout_cave_pools,
          nicolae_elyvilon_temple_path, hell_entry, enter_trove_2,
          minmay_strange_pillars
Hell
Zot:1:    layout_concentric_octagons, st_stairs_6, grunt_ministairs_13,
          lemuel_baited_zot_trap, uniq_tiamat
Zot:2:    layout_gridlike
Zot:3:    minmay_elemental_castle, layout_onion
Zot:4:    layout_onion_interference, drop_trap
Zot:5:    layout_concentric_octagons

Skill      XL: |  1  2  3  4  5  6  7  8  9 10 11 12 13 14 15 16 17 18 19 20 21 22 23 24 25 26 27 |
---------------+----------------------------------------------------------------------------------+-----
Fighting       | 1 2 3 4 5 6 8 10 12 14 17 18 19 20 22 23 24 | 24.6
Spellcasting   | 4 5 7 8 9 10 11 12 13 14 15 16 17 18 19 20 23 | 23.9
Armour         | 1 |  1.9
Shields        | 2 3 6 9 10 12 13 14 15 16 17 18 19 20 | 20.1
Evocations     | 3 5 6 8 9 11 12 17 | 17.2
Dodging        | 4 7 8 |  8.0
Stealth        | 3 6 8 9 11 12 13 14 16 21 | 21.3

Action                   |  1- 3 |  4- 6 |  7- 9 | 10-12 | 13-15 | 16-18 | 19-21 | 22-24 | 25-27 || total
-------------------------+-------+-------+-------+-------+-------+-------+-------+-------+-------++-------
Melee: Dagger            |    11 |     4 |       |       |       |       |       |       |       ||    15
       Staff             |       |       |       |       |     3 |     3 |     6 |     2 |     3 ||    17
Throw: Dart              |       |       |       |       |       |     5 |       |       |       ||     5
 Cast: Magic Dart        |    80 |    49 |   107 |   127 |   236 |    13 |       |       |       ||   612
       Foxfire           |       |     3 |     2 |    19 |     8 |    84 |   272 |       |       ||   388
       Searing Ray       |       |    11 |    20 |    40 |    38 |    24 |     1 |     1 |     1 ||   136
       Call Canine Famil |       |       |     1 |     3 |       |       |       |       |       ||     4
       Iskenderun's Myst |       |       |    20 |   105 |   200 |   129 |    81 |    83 |    95 ||   713
       Fulminant Prism   |       |       |       |    10 |    96 |   196 |    15 |    11 |     6 ||   334
       Flame Wave        |       |       |       |     8 |    12 |     3 |    20 |     1 |       ||    44
       Irradiate         |       |       |       |       |     2 |    34 |   116 |    26 |    30 ||   208
       Conjure Ball Ligh |       |       |       |       |     2 |     9 |    30 |     7 |       ||    48
       Dazzling Flash    |       |       |       |       |     2 |       |       |       |       ||     2
       Summon Hydra      |       |       |       |       |       |    14 |    42 |    13 |     2 ||    71
       Summon Cactus Gia |       |       |       |       |       |       |     2 |     2 |       ||     4
       Orb of Destructio |       |       |       |       |       |       |    96 |   259 |   331 ||   686
       Ignition          |       |       |       |       |       |       |       |    99 |   172 ||   271
       Maxwell's Capacit |       |       |       |       |       |       |       |       |    69 ||    69
       Chain Lightning   |       |       |       |       |       |       |       |       |    62 ||    62
       Inner Flame       |       |       |       |       |       |       |       |       |     2 ||     2
Invok: Curse Item        |       |       |     1 |     3 |     1 |     4 |     1 |     1 |       ||    11
       Shatter the Chain |       |       |       |       |       |     1 |       |     1 |       ||     2
Evoke: Wand              |       |     2 |     1 |     8 |     1 |       |       |       |    10 ||    22
       Condenser vane    |       |       |       |       |       |       |       |     1 |       ||     1
       Tin of tremorston |       |       |       |       |       |       |       |       |     1 ||     1
  Use: Scroll            |       |     6 |    12 |     1 |     3 |     1 |     4 |    11 |     9 ||    47
       Potion            |       |       |       |     3 |     3 |     3 |     2 |     3 |    10 ||    24
Armor: Robe              |     6 |     4 |    16 |    13 |    26 |    38 |    58 |    10 |    26 ||   197
Dodge: Dodged            |    20 |    14 |    36 |    55 |   106 |    78 |   129 |    55 |   114 ||   607
Block: Other             |       |       |     5 |    18 |    18 |       |       |       |       ||    41
       Reflection        |       |       |     1 |     2 |    12 |    66 |    29 |    33 |    40 ||   183
       Buckler           |       |       |       |       |    63 |    51 |       |       |       ||   114
       Kite shield       |       |       |       |       |       |   158 |   290 |    43 |       ||   491
       Tower shield      |       |       |       |       |       |       |       |   173 |   440 ||   613
